 Dungeon Crawl Stone Soup version 0.26-a0-1164-g1a551d6a14 (webtiles) character file.

Game seed: 6022801045198849372

5012 LufLufFighter the Transmogrifier (level 10, -3/64 HPs)
             Began as a Merfolk Transmuter on Dec 23, 2020.
             Was an Initiate of Gozag.
             Slain by a large abomination (18 damage)
             ... on level 2 of the Abyss.
             The game lasted 00:24:20 (16214 turns).

LufLufFighter the Transmogrifier (MfTm)            Turns: 16214, Time: 00:24:20

Health: -3/64      AC:  5    Str: 14    XL:     10   Next: 54%
Magic:  0/20       EV: 13    Int:  9    God:    Gozag
Gold:   201        SH:  0    Dex: 14    Spells: 2/23 levels left

rFire    . . .     SeeInvis .     - Unarmed
rCold    . . .     Faith    .   (no shield)
rNeg     . . .     Spirit   +   a - +0 robe
rPois    .         Reflect  .   (no helmet)
rElec    .         Harm     .   A - +2 cloak
rCorr    .         Rampage  .   (no gloves)
Will     .....                  (no boots)
Stlth    +.........             t - amulet of guardian spirit
HPRegen  0.00/turn              (no ring)
MPRegen  0.17/turn              (no ring)

@: no status effects
A: change form in water, swift swim, stealthy swim, [dopey 2], [frail 2],
[inhibited regeneration]
a: Renounce Religion, Potion Petition, Call Merchant, Bribe Branch


You were on level 2 of the Abyss.
You worshipped Gozag.
Gozag was aware of your devotion.
You visited 2 branches of the dungeon, and saw 9 of its levels.
You visited the Abyss 1 time.

You collected 989 gold pieces.
You paid 788 gold pieces to Gozag.

Inventory:

Armour
 a - a +0 robe (worn)
 n - a +2 buckler
 A - a +2 cloak (worn)
Jewellery
 t - an amulet of guardian spirit (around neck)
Wands
 m - a wand of polymorph (11)
 r - a wand of acid (5)
 x - a wand of digging (4)
 y - a wand of iceblast (10)
Scrolls
 b - 4 scrolls of remove curse
 c - a scroll of fog {unknown}
 e - a scroll of identify
 h - 4 scrolls of enchant weapon
 p - 2 scrolls of immolation
 v - 2 scrolls of magic mapping
Potions
 d - a potion of curing
 f - a potion of haste {unknown}
 g - a potion of resistance
 k - a potion of degeneration
 l - a potion of attraction
 o - a potion of lignification
 u - a potion of brilliance
 w - a potion of berserk rage
 z - a potion of flight


   Skills:
 * Level 8.2 Fighting
 - Level 2.6 Dodging
 - Level 3.2 Unarmed Combat
 * Level 7.1 Spellcasting
 * Level 3.2 Summonings
 * Level 10.0 Transmutations
 - Level 6.5 Ice Magic
 - Level 4.4 Poison Magic


You had 2 spell levels left.
You knew the following spells:

 Your Spells              Type           Power        Failure   Level
a - Beastly Appendage     Tmut           42%          1%          1
b - Wereblood             Tmut           21%          1%          2
c - Spider Form           Tmut/Pois      8%           3%          3
d - Ice Form              Ice/Tmut       18%          7%          4
e - Blade Hands           Tmut           10%          9%          5
f - Summon Small Mammal   Summ           36%          5%          1
g - Call Imp              Summ           9%           8%          2
h - Call Canine Familiar  Summ           9%           16%         3

Your spell library contained the following spells:

 Spells                   Type           Power        Failure   Level
 Animate Skeleton         Necr           6%           21%         1
 Apportation              Tloc           6%           21%         1
 Corona                   Hex            3%           21%         1
 Foxfire                  Conj/Fire      12%          21%         1
 Petrify                  Tmut/Erth      12%          26%         4
 Summon Ice Beast         Ice/Summ       12%          26%         4
 Summon Guardian Golem    Hex/Summ       6%           30%         3
 Confusing Touch          Hex            3%           52%         3
 Conjure Flame            Conj/Fire      3%           52%         3
 Gell's Gravitas          Tloc           1%           52%         3
 Inner Flame              Hex/Fire       3%           52%         3
 Yara's Violent Unravell  Hex/Tmut       6%           56%         5
 Summon Lightning Spire   Summ/Air       6%           71%         4
 Metabolic Englaciation   Hex/Ice        4%           82%         5
 Sticky Flame             Conj/Fire      3%           89%         4
 Fireball                 Conj/Fire      1%           99%         5


Dungeon Overview and Level Annotations

Branches:
Dungeon (8/15)             Temple (1/1) D:5            Lair (0/6) D:8

Altars:
Ashenzari
Cheibriados
Dithmenos
Elyvilon
Fedhas
Gozag
Hepliaklqana
Kikubaaqudgha
Makhleb
Nemelex Xobeh
Okawaru
Qazlal
Ru
Sif Muna
Trog
Uskayaw
Vehumet
Wu Jian
Xom
Yredelemnul
Zin
The Shining One
Lugonu

Shops:
D:6 (   D:8 :

Annotations:
D:8 Psyche


Innate Abilities, Weirdness & Mutations

You revert to your normal form in water.
You are very nimble and swift while swimming.
You are very stealthy in the water. (Stealth+)
[You are very dopey. (Int -4)]
[You are very frail. (-20% HP)]
[You do not regenerate when monsters are visible.]


Message History

You start resting.
A tentacled starspawn comes into view.
A starspawn tentacle comes into view.
A starspawn tentacle is nearby!
A starspawn tentacle is nearby!
There are monsters nearby!
Something bites your neqoxec. Something engulfs your neqoxec.
Your neqoxec hits the tentacled starspawn!
Something bites your neqoxec. Something engulfs your neqoxec!
Your neqoxec dies!
The starspawn tentacle misses your quasit.
Your quasit dissolves into shadows!
A large abomination comes into view.
You hit the large abomination but do no damage.
The large abomination hits you!
* * * LOW HITPOINT WARNING * * *
Okay, then.
The large abomination hits you!!
You die...
Your body crumbles into a pile of gold.

. # #. #. . #.
#. #. #.#.#### .
...#.# .# #.#.#
.# ## # #X@##.##
#.# ###.#.
...###### #
#..#.##.##.....#
##.##......##.
#.. .# ###.#.#
.# .# #.
#.#.##w#─.. # #
####. .### # #
#..#.. .#.# #.
..#..#. #X.#


You could see a large abomination.

Vanquished Creatures
  Pikel (D:4)
  2 raiju (Abyss:2)
  A ynoxinul (Abyss:2)
  A wraith (Abyss:2)
  A steam dragon (D:8)
  Edmund (D:4)
  3 phantoms
  6 centaurs
  5 ogres
  4 lemures (D:4)
  Blork the orc (D:4)
  7 bullfrogs
  2 scorpions
  A killer bee (D:8)
  19 wights
  A centaur zombie (D:6)
  A howler monkey (D:4)
  2 quasits
  3 orc priests
  3 hounds
  2 jellies
  5 orc wizards
  An iguana (D:7)
  Natasha (thrice) (D:2)
  10 worker ants
  11 adders
  A shadow imp (D:6)
  4 white imps
  An ufetubus (D:5)
  An adder zombie (D:6)
  An adder skeleton (D:4)
  3 worms
  2 dart slugs
  3 leopard geckos
  23 orcs
  6 giant cockroaches
  3 goblins
  9 hobgoblins
  4 kobolds
  8 quokkas
  7 bats
  10 frilled lizards
  A leopard gecko skeleton (D:5)
  12 rats
196 creatures vanquished.

Vanquished Creatures (others)
  61 plants
  6 starspawn tentacles (Abyss:2)
67 creatures vanquished.

Grand Total: 263 creatures vanquished

Notes
Turn   | Place    | Note
-------+----------+-------------------------------------------
     0 | D:1      | LufLufFighter the Merfolk Transmuter began the quest for
                  | the Orb.
     0 | D:1      | Reached XP level 1. HP: 15/15 MP: 3/3
   412 | D:1      | Reached skill level 3 in Transmutations
   427 | D:1      | Reached XP level 2. HP: 21/21 MP: 3/5
   430 | D:1      | Learned a level 2 spell: Wereblood
  1223 | D:2      | Found a bloodstained altar of Trog.
  1226 | D:2      | Reached XP level 3. HP: 27/27 MP: 4/6
  1241 | D:2      | Learned a level 3 spell: Spider Form
  1559 | D:2      | Noticed Natasha
  1572 | D:2      | Killed Natasha
  1573 | D:2      | Reached skill level 1 in Poison Magic
  1573 | D:2      | Reached XP level 4. HP: 15/34 MP: 0/8
  1748 | D:2      | Found a broken altar of Ashenzari.
  1748 | D:2      | Found a glowing golden altar of the Shining One.
  1893 | D:2      | Noticed Natasha
  1901 | D:2      | Killed Natasha
  1902 | D:2      | Reached skill level 4 in Transmutations
  2124 | D:2      | Noticed Natasha
  2132 | D:2      | Killed Natasha
  2133 | D:2      | Reached XP level 5. HP: 40/40 MP: 6/9
  2143 | D:2      | Learned a level 4 spell: Ice Form
  2921 | D:2      | Found a glowing golden altar of the Shining One.
  2921 | D:2      | Found a broken altar of Ashenzari.
  2948 | D:2      | Found a bloodstained altar of Trog.
  4034 | D:3      | Reached skill level 1 in Ice Magic
  4588 | D:3      | Found a shimmering altar of Xom.
  4613 | D:3      | Reached XP level 6. HP: 22/47 MP: 5/10
  5444 | D:4      | Noticed Blork the orc
  6011 | D:4      | Found a white marble altar of Elyvilon.
  6011 | D:4      | Found a basalt altar of Yredelemnul.
  6107 | D:4      | Found a shimmering blue altar of Sif Muna.
  6107 | D:4      | Found an iron altar of Okawaru.
  6109 | D:4      | Found a snail-covered altar of Cheibriados.
  6109 | D:4      | Found a hazy altar of Hepliaklqana.
  6110 | D:4      | Found an opulent altar of Gozag.
  6566 | D:4      | Reached skill level 5 in Transmutations
  6566 | D:4      | Reached XP level 7. HP: 53/53 MP: 8/12
  6577 | D:4      | Became a worshipper of Gozag Ym Sagoz the Greedy
  6714 | D:4      | Noticed Edmund
  6921 | D:4      | Noticed Pikel
  8056 | D:4      | Killed Blork the orc
  8779 | D:4      | Killed Pikel
  8780 | D:4      | Reached skill level 6 in Transmutations
  8780 | D:4      | Reached XP level 8. HP: 47/61 MP: 10/14
  8798 | D:4      | Killed Edmund
  8799 | D:4      | Reached skill level 5 in Fighting
  9166 | D:4      | Learned a level 5 spell: Blade Hands
  9389 | D:4      | Found an ornate altar of the Wu Jian Council.
  9409 | D:5      | Entered Level 5 of the Dungeon
 10024 | D:5      | Found a sacrificial altar of Ru.
 10560 | D:5      | Reached skill level 7 in Transmutations
 10660 | D:5      | Found a staircase to the Ecumenical Temple.
 10755 | Temple   | Entered the Ecumenical Temple
 10872 | D:6      | Reached skill level 5 in Spellcasting
 10895 | D:6      | Reached XP level 9. HP: 65/69 MP: 11/16
 10920 | D:6      | Reached skill level 5 in Ice Magic
 11088 | D:6      | Found Heib's Antique Weapon Emporium.
 11792 | D:6      | Found a hide-covered altar of Uskayaw.
 11833 | D:6      | Reached skill level 8 in Transmutations
 13385 | D:7      | Learned a level 1 spell: Summon Small Mammal
 13458 | D:7      | Learned a level 2 spell: Call Imp
 13976 | D:7      | Reached skill level 9 in Transmutations
 14089 | D:7      | Reached skill level 1 in Summonings
 14089 | D:7      | Reached XP level 10. HP: 54/79 MP: 10/19
 14668 | D:8      | Noticed Psyche
 15038 | D:8      | Found a staircase to the Lair.
 15691 | D:8      | Noticed a centaur warrior
 15718 | D:8      | Learned a level 3 spell: Call Canine Familiar
 15776 | D:8      | Cast into level 2 of the Abyss (Psyche)
 15814 | Abyss:2  | Noticed a tentacled starspawn
 15869 | Abyss:2  | Noticed a starcursed mass
 15975 | Abyss:2  | Noticed a rakshasa
 16037 | Abyss:2  | Reached skill level 10 in Transmutations
 16070 | Abyss:2  | Noticed an orange demon
 16085 | Abyss:2  | Noticed a red draconian stormcaller
 16095 | Abyss:2  | Noticed a wretched star
 16098 | Abyss:2  | Noticed a starcursed mass
 16099 | Abyss:2  | Noticed a white draconian stormcaller
 16195 | Abyss:2  | Noticed a tentacled starspawn
 16214 | Abyss:2  | Slain by a large abomination

Illustrated notes

Levels and vault maps discovered:
D:1:      nicolae_arrival_memento_mori, layout_loops_corners
D:2:      layout_basic, chequers_temple_overflow_statue_of_worship,
          trog_three_pillars_becter, uniq_natasha
D:3:      layout_rooms, lemuel_doored_altar, wad_woods_river_04
D:4:      layout_loops_ring, nzn_wu_jian_contemplation,
          grunt_temple_overflow_open, uniq_blork_the_orc, uniq_edmund,
          uniq_pikel
D:5:      minmay_general_purpose_star, layout_rooms,
          minmay_temple_entry_glassed_door, hangedman_ru_absence
D:6:      layout_cave_pools, general_overflow_altar, serial_shops,
          shop_fountains
D:7:      layout_rooms
D:8:      nzn_winding_woodlands_cross [nzn_winding_woodlands_5x15_lazy_stream,
          nzn_winding_woodlands_5x15_split_checker,
          nzn_winding_woodlands_5x15_parted,
          nzn_winding_woodlands_5x15_sidewinder,
          nzn_winding_woodlands_15x15_five_gardens], layout_basic,
          david_lair_shrubbed, uniq_psyche
Temple:   corrupted_temple
Abyss:2:  base: D:2, evilmike_abyss_exit_vortex, abyss_furniture_001,
          minivault_1, minivault_1, bh_abyss_exit_spiral

Skill      XL: |  1  2  3  4  5  6  7  8  9 10 |
---------------+-------------------------------+-----
Transmutations | 3 4 5 6 7 9 10 | 10.0
Fighting       | 2 3 4 5 7 8 |  8.2
Poison Magic   | 1 2 4 |  4.4
Spellcasting   | 3 4 5 6 7 |  7.1
Ice Magic      | 1 2 3 4 6 |  6.5
Summonings     | 1 3 |  3.2
Dodging        | |  2.6
Unarmed Combat | |  3.2

Action                   |  1- 3 |  4- 6 |  7- 9 | 10-12 || total
-------------------------+-------+-------+-------+-------++-------
Melee: Unarmed           |   109 |   182 |   352 |    76 ||   719
       Headbutt          |    10 |     5 |       |       ||    15
       Punch             |     2 |       |       |       ||     2
 Cast: Beastly Appendage |    21 |    16 |       |     1 ||    38
       Spider Form       |     2 |    23 |    11 |       ||    36
       Ice Form          |       |       |    28 |     1 ||    29
       Blade Hands       |       |       |     8 |    15 ||    23
       Call Canine Famil |       |       |       |     6 ||     6
Invok: Call Merchant     |       |       |       |     1 ||     1
  Use: Potion            |       |     1 |     3 |     5 ||     9
       Scroll            |       |       |    15 |     9 ||    24
 Stab: Sleeping          |     2 |     1 |       |       ||     3
       Distracted        |       |       |       |     1 ||     1
Armor: Robe              |    24 |    19 |     5 |    12 ||    60
       Skin              |     1 |     3 |    36 |       ||    40
Dodge: Dodged            |    73 |   146 |   206 |    47 ||   472

Table legend: (Time is in decaauts)
 A = Elapsed time spent in this place.
 B = Non-inter-level travel time spent in this place.
 C = Inter-level travel time spent in this place.
 D = Time resting spent in this place.
 E = Time spent auto-exploring this place.
 F = Levels seen in this place.
 G = Mean time per level.
                   A        B        C        D        E       F      G
               +--------+--------+--------+--------+--------+-----+--------+
         Total |  16169 |  15898 |    271 |   6426 |   7274 |  10 | 1616.9 |
       Dungeon |  15685 |  15427 |    258 |   6265 |   7241 |   8 | 1960.6 |
        Temple |     46 |     34 |     12 |      0 |     32 |   1 |   46.0 |
         Abyss |    436 |    436 |      0 |    161 |      0 |   1 |  436.0 |
               +--------+--------+--------+--------+--------+-----+--------+

Top non-repeatable levels by time:
     D:3: 2729 daAuts
     D:2: 2688 daAuts
     D:4: 2604 daAuts
     D:6: 2479 daAuts
     D:1: 1361 daAuts
     D:5: 1359 daAuts
     D:8: 1251 daAuts
     D:7: 1210 daAuts
 Abyss:2: 436 daAuts
  Temple: 46 daAuts
